 Dungeon Crawl Stone Soup version 0.30-a0-169-g06f667207d (webtiles) character file.

Game seed: 7697909161524760781

406 qw the Chopper (level 6, -1/39 HPs)
             Began as a Gargoyle Fighter on Sept 29, 2022.
             Slain by an orc priest
             ... wielding a +0 short sword
              (3 damage)
             ... on level 4 of the Dungeon.
             The game lasted 00:01:13 (3705 turns).

qw the Chopper (Gargoyle Fighter)                   Turns: 3705, Time: 00:01:13

Health: -1/39      AC: 12    Str: 21      XL:     6   Next: 87%
Magic:  6/6        EV:  9    Int:  8 (9)  God:
Gold:   131        SH:  4    Dex:  7 (9)  Spells: 5/5 levels left

rFire   + . .      SeeInvis .    Y - +0 war axe
rCold   . . .      Faith    .    c - +0 buckler
rNeg    + + .      Spirit   .    b - +0 scale mail
rPois   inf        Reflect  .    (no helmet)
rElec   +          Harm     .    (no cloak)
rCorr   .          Rampage  .    h - +0 pair of gloves
Will    .....                    (no boots)
Stlth   ..........               (no amulet)
HPRegen 0.13/turn                i - ring of positive energy
MPRegen 0.10/turn                n - ring of protection from fire

@: no status effects
A: sickness immunity, AC +4, negative energy resistance 1, electricity
resistance, torment resistance 1, petrification resistance
a: no special abilities


You were on level 4 of the Dungeon.
You visited 1 branch of the dungeon, and saw 4 of its levels.

You collected 209 gold pieces.
You spent 78 gold pieces at shops.


Innate Abilities, Weirdness & Mutations

You are immune to sickness and miasma.
Your stone body is resilient. (AC +4)
You are immune to poison.
You resist negative energy. (rN+)
You are resistant to electric shocks. (rElec)
You are resistant to unholy torment.
You are immune to petrification.


   Skills:
 - Level 4.6 Fighting
 + Level 5.8 Axes
 - Level 3.2 Armour
 - Level 3.2 Shields


You had 5 spell levels left.
You didn't know any spells.
Your spell library was empty.

Inventory:

Hand Weapons
 a - a +0 flail
 Y - a +0 war axe (weapon)
Missiles
 e - 3 boomerangs (quivered)
Armour
 b - a +0 scale mail (worn)
 c - a +0 buckler (worn)
 h - a +0 pair of gloves (worn)
Jewellery
 i - a ring of positive energy (left hand)
 n - a ring of protection from fire (right hand)
Scrolls
 g - a scroll of identify
Potions
 d - a potion of might
 f - a potion of curing {unknown}
 j - a potion of magic {unknown}
 k - a potion of brilliance {unknown}
 m - a potion of berserk rage {unknown}
 o - a potion of attraction {unknown}

Dungeon Overview and Level Annotations

Branches:
Dungeon (4/15)
 Temple: D:4-7

Altars:
Makhleb
Nemelex Xobeh
Sif Muna
Trog
The Shining One

Shops:
D:1 :   D:2 *[=**


Message History

A hobgoblin comes into view.
The hobgoblin moves out of view.
Throw: 3 boomerangs
Press: ? - help, Q - select action Shift-Dir - straight line, f - hobgoblin You throw a boomerang.
The boomerang hits the hobgoblin.
The hobgoblin is severely wounded.
Throw: 3 boomerangs
Press: ? - help, Q - select action Shift-Dir - straight line, f/p - hobgoblin You throw a boomerang.
The boomerang barely misses the hobgoblin.
An orc priest comes into view. It is wielding a +0 hand axe.
An orc priest comes into view. It is wielding a +0 short sword.
The orc priest moves out of view.
An orc comes into view. It is wielding a +0 dagger.
The orc shouts!
The orc priest shouts!
You slash the hobgoblin!
You kill the hobgoblin!
The orc priest shouts!
The orc priest casts a cantrip, but nothing happens.
The orc priest mumbles some strange prayers to Beogh against you.
Beogh smites you! The orc closely misses you.
The orc priest mumbles some strange prayers to Beogh against you.
Beogh smites you!
You slash the orc!
You kill the orc!
You hit the orc priest but do no damage.
The orc priest barely misses you.
The orc priest hits you with a +0 hand axe.
You barely miss the orc priest. x2
The orc priest hits you with a +0 hand axe.
The orc priest mumbles some strange prayers to Beogh against you.
Pain shoots through your body!
You slash the orc priest!
The orc priest is almost dead.
You hit the orc priest but do no damage.
The orc priest calls upon Beogh to heal the orc priest.
The orc priest is healed somewhat.
The orc priest hits you with a +0 short sword.
You die...

.......###.#_..........
#.(....#..#..#...#...#
#.....#..#...........
#........############
#........# #........#
#......### ###...##
#.@o# #.o## .....
..#..... #.. #...... ..
........ . ......####
......##


You could see 2 orc priests.

Vanquished Creatures
  A black bear (D:2)
  A scorpion (D:3)
  An orc priest (D:4)
  A hound (D:4)
  Natasha (D:4)
  An iguana (D:4)
  2 adders
  3 gnolls (D:2)
  An ufetubus (D:3)
  A worm (D:4)
  A dart slug (D:4)
  6 orcs
  3 bats
  6 endoplasms
  5 giant cockroaches
  3 goblins
  7 hobgoblins
  7 jackals
  6 quokkas
  7 ball pythons
  10 frilled lizards (D:1)
  2 kobolds
  12 rats
88 creatures vanquished.

Vanquished Creatures (others)
  8 plants
8 creatures vanquished.

Grand Total: 96 creatures vanquished

Notes
Turn   | Place    | Note
-------+----------+-------------------------------------------
     0 | D:1      | qw the Gargoyle Fighter began the quest for the Orb.
     0 | D:1      | Reached XP level 1. HP: 14/14 MP: 1/1
     0 | D:1      | 0 ||| qw: Version: 0.2-a-12-gaebbb33
     0 | D:1      | 0 ||| qw: Game counter: 1274
     0 | D:1      | 0 ||| qw: Always use a shield: true
     0 | D:1      | 0 ||| qw: God list: Okawaru
     0 | D:1      | 0 ||| qw: Allow faded altars: false
     0 | D:1      | 0 ||| qw: Do Orc after D:15 true
     0 | D:1      | 0 ||| qw: Do second Lair branch before Depths: true
     0 | D:1      | 0 ||| qw: Lair rune preference: random
     0 | D:1      | 0 ||| qw: Plans: Normal, Zot:1-4, God:TSO, Crypt, Tomb,
                  | Pan, Slime:5, Hells, Abyss, Orb
     0 | D:1      | 0 ||| PLANNING D:1-11
    34 | D:1      | Reached skill level 2 in Axes
    37 | D:1      | 37 ||| Stepping ~*~*~tactically~*~*~ (stealth).
    51 | D:1      | Reached XP level 2. HP: 8/19 MP: 2/2
    65 | D:1      | 65 ||| Stepping ~*~*~tactically~*~*~ (stealth).
    89 | D:1      | 89 ||| Stepping ~*~*~tactically~*~*~ (stealth).
    90 | D:1      | 90 ||| Stepping ~*~*~tactically~*~*~ (stealth).
    95 | D:1      | 95 ||| Stepping ~*~*~tactically~*~*~ (stealth).
    96 | D:1      | 96 ||| Stepping ~*~*~tactically~*~*~ (stealth).
   107 | D:1      | 107 ||| Stepping ~*~*~tactically~*~*~ (stealth).
   440 | D:1      | Reached skill level 3 in Axes
   592 | D:1      | Reached XP level 3. HP: 19/23 MP: 3/3
   645 | D:1      | Found Haneun Ziti's Book Boutique.
   998 | D:1      | Found a faded altar of an unknown god.
   999 | D:1      | 999 ||| UPGRADING to +0 pair of gloves.
  1004 | D:1      | 1004 ||| READING scroll labelled HIEGGUOMESK.
  1005 | D:1      | 1005 ||| READING scroll labelled CYG FEUMOFI.
  1006 | D:1      | 1006 ||| READING scroll labelled UFOTUD KAIBARPH.
  1030 | D:2      | Found Oni Ful's Antique Armour Emporium.
  1065 | D:2      | 1065 ||| SHOPLISTING chain mail (108 gold, have 19).
  1065 | D:2      | 1065 ||| SHOPLISTING cloak (108 gold, have 19).
  1065 | D:2      | 1065 ||| SHOPLISTING glowing chain mail (180 gold, have
                  | 19).
  1065 | D:2      | 1065 ||| SHOPLISTING glowing plate armour (624 gold, have
                  | 19).
  1065 | D:2      | 1065 ||| SHOPLISTING helmet (108 gold, have 19).
  1065 | D:2      | 1065 ||| SHOPLISTING pair of boots (108 gold, have 19).
  1065 | D:2      | 1065 ||| SHOPLISTING pair of embroidered boots (180 gold,
                  | have 19).
  1080 | D:2      | Found Sadum's Jewellery Shoppe.
  1090 | D:2      | 1090 ||| SHOPLISTING +4 ring of protection (504 gold, have
                  | 19).
  1090 | D:2      | 1090 ||| SHOPLISTING amulet of Vech {RegenMP rElec rF+}
                  | (714 gold, have 19).
  1090 | D:2      | 1090 ||| SHOPLISTING amulet of the acrobat (420 gold, have
                  | 19).
  1090 | D:2      | 1090 ||| SHOPLISTING ring of resist corrosion (280 gold,
                  | have 19).
  1090 | D:2      | 1090 ||| SHOPLISTING ring of willpower (350 gold, have 19).
  1108 | D:2      | Found Jyhone's General Store.
  1117 | D:2      | 1117 ||| SHOPLISTING 2 potions of heal wounds (110 gold,
                  | have 42).
  1117 | D:2      | 1117 ||| SHOPLISTING 2 scrolls of identify (44 gold, have
                  | 42).
  1117 | D:2      | 1117 ||| SHOPLISTING potion of mutation (88 gold, have 42).
  1117 | D:2      | 1117 ||| SHOPLISTING ring of fire (275 gold, have 42).
  1122 | D:2      | 1122 ||| Stepping ~*~*~tactically~*~*~ (stealth).
  1123 | D:2      | 1123 ||| Stepping ~*~*~tactically~*~*~ (stealth).
  1124 | D:2      | 1124 ||| Stepping ~*~*~tactically~*~*~ (stealth).
  1125 | D:2      | 1125 ||| Stepping ~*~*~tactically~*~*~ (stealth).
  1136 | D:2      | 1136 ||| Stepping ~*~*~tactically~*~*~ (stealth).
  1137 | D:2      | 1137 ||| Stepping ~*~*~tactically~*~*~ (stealth).
  1138 | D:2      | 1138 ||| Stepping ~*~*~tactically~*~*~ (stealth).
  1139 | D:2      | 1139 ||| Stepping ~*~*~tactically~*~*~ (stealth).
  1140 | D:2      | 1140 ||| Stepping ~*~*~tactically~*~*~ (stealth).
  1258 | D:2      | Found Inlix's Assorted Antiques.
  1273 | D:2      | 1273 ||| BUYING bubbling silvery potion (18 gold).
  1273 | D:2      | Bought a bubbling silvery potion for 18 gold pieces
  1273 | D:2      | 1273 ||| BUYING scroll labelled BOEZIG INNEXE (21 gold).
  1273 | D:2      | Bought a scroll labelled BOEZIG INNEXE for 21 gold pieces
  1273 | D:2      | 1273 ||| SHOPLISTING scroll labelled LOKUKHL OQEG (21 gold,
                  | have 12).
  1273 | D:2      | 1273 ||| SHOPLISTING scroll labelled NUVYF PILI (21 gold,
                  | have 12).
  1489 | D:2      | Found Zumy's General Store.
  1498 | D:2      | 1498 ||| BUYING +0 mace (39 gold).
  1498 | D:2      | Bought a +0 mace for 39 gold pieces
  1498 | D:2      | 1498 ||| SHOPLISTING potion of curing (39 gold, have 10).
  1498 | D:2      | 1498 ||| SHOPLISTING scroll of teleportation (39 gold, have
                  | 10).
  1498 | D:2      | 1498 ||| DROPPING +0 club.
  1967 | D:2      | 1967 ||| READING scroll labelled BOEZIG INNEXE.
  1968 | D:2      | 1968 ||| DRINKING 2 bubbling silvery potions.
  1983 | D:3      | 1983 ||| STAIRDANCE
  1987 | D:2      | Reached XP level 4. HP: 24/28 MP: 4/4
  2029 | D:2      | 2029 ||| DROPPING +0 mace.
  2033 | D:3      | Noticed a black bear
  2034 | D:3      | Reached skill level 4 in Axes
  2034 | D:3      | 2034 ||| STAIRDANCE
  2092 | D:3      | 2092 ||| STAIRDANCE
  2099 | D:2      | HP: 6/28 [black bear (3)]
  2100 | D:2      | 2100 ||| DRINKING potion of heal wounds.
  2102 | D:2      | Killed a black bear
  2103 | D:2      | Reached skill level 5 in Axes
  2103 | D:2      | Reached XP level 5. HP: 5/32 MP: 5/5
  2402 | D:3      | 2402 ||| Stepping ~*~*~tactically~*~*~ (stealth).
  2650 | D:3      | 2650 ||| Stepping ~*~*~tactically~*~*~ (stealth).
  2954 | D:3      | 2954 ||| UPGRADING to ring of positive energy.
  2955 | D:3      | 2955 ||| UPGRADING to ring of protection from fire.
  2956 | D:3      | 2956 ||| READING 2 scrolls labelled HAYJ DUCAYZXA.
  2957 | D:3      | 2957 ||| READING scroll labelled MAPAWINIPP.
  2961 | D:3      | 2961 ||| DRINKING 2 dark potions.
  2962 | D:3      | 2962 ||| DROPPING potion of degeneration.
  2994 | D:4      | 2994 ||| STAIRDANCE
  3004 | D:4      | 3004 ||| STAIRDANCE
  3012 | D:3      | Reached XP level 6. HP: 17/39 MP: 6/6
  3218 | D:4      | 3218 ||| Stepping ~*~*~tactically~*~*~ (stealth).
  3219 | D:4      | 3219 ||| Stepping ~*~*~tactically~*~*~ (stealth).
  3224 | D:4      | 3224 ||| Stepping ~*~*~tactically~*~*~ (stealth).
  3225 | D:4      | 3225 ||| Stepping ~*~*~tactically~*~*~ (stealth).
  3275 | D:4      | Found a sparkling altar of Nemelex Xobeh.
  3275 | D:4      | Found a burning altar of Makhleb.
  3275 | D:4      | Found a shimmering blue altar of Sif Muna.
  3360 | D:4      | 3360 ||| Stepping ~*~*~tactically~*~*~ (stealth).
  3398 | D:4      | Noticed Natasha
  3399 | D:4      | 3399 ||| Stepping ~*~*~tactically~*~*~ (hiding).
  3401 | D:4      | 3401 ||| Stepping ~*~*~tactically~*~*~ (hiding).
  3407 | D:4      | Killed Natasha
  3448 | D:4      | 3448 ||| FLEEEEING.
  3450 | D:4      | 3450 ||| STAIRDANCE
  3516 | D:4      | Found a bloodstained altar of Trog.
  3650 | D:4      | Found a glowing golden altar of the Shining One.
  3703 | D:4      | HP: 7/39 [orc priest/+0 hand axe (5)]
  3704 | D:4      | HP: 2/39 [orc priest/nerve-wracking pain (2)]
  3705 | D:4      | Slain by an orc priest

Levels and vault maps discovered:
D:1:      psy_arrival_basics, layout_rooms,
          shapermc_ecumenical_altar_mp_urbaneastern, serial_shops,
          nicolae_shop_stone, minmay_lizard_king
D:2:      wad_crossroads, layout_loops_corners, serial_shops, shop,
          nicolae_square_shop, nicolae_shop_advertising_works
          [nicolae_subvault_shop_adworks], nicolae_square_shop,
          nicolae_shop_waterfront
D:3:      layout_rooms, serial_bayou, serial_bayou_shore_a, serial_bayou_pond_e,
          serial_bayou_pond_d, serial_bayou_pond_e
D:4:      layout_cave_pools, lemuel_coloured_pillars_altar, bloody_trog,
          gammafunk_temple_overflow_claw, minmay_joined_circles, uniq_natasha,
          uniq_sigmund, uniq_pikel

Skill      XL: |  1  2  3  4  5 |
---------------+----------------+-----
Axes           | 2 3 5 |  5.8
Fighting       | 4 |  4.6
Armour         | |  3.2
Shields        | |  3.2

Action                   |  1- 3 |  4- 6 || total
-------------------------+-------+-------++-------
Melee: War axe           |    99 |   114 ||   213
Throw: Boomerang         |    37 |    41 ||    78
  Use: Scroll            |     4 |     2 ||     6
       Potion            |     1 |     2 ||     3
Armor: Scale mail        |    58 |    72 ||   130
Dodge: Dodged            |    51 |    84 ||   135
Block: Buckler           |    18 |    38 ||    56

Table legend:
 A = Non-vault XP
 B = Vault XP
 C = Vault XP percentage of total XP
 D = Non-vault monster count
 E = Vault monster count
 F = Vault count percentage of total count
                 A         B        C        D         E       F
            +---------+---------+-------+---------+---------+-------
      Total |     528 |      53 |   9.1 |      73 |      15 |  17.0
            +---------+---------+-------+---------+---------+-------
        D:1 |      33 |      10 |  23.3 |      19 |      10 |  34.5
        D:2 |     193 |       7 |   3.5 |      18 |       4 |  18.2
        D:3 |     142 |       0 |   0.0 |      22 |       0 |   0.0
        D:4 |     160 |      36 |  18.4 |      14 |       1 |   6.7
            +---------+---------+-------+---------+---------+-------
